 Dungeon Crawl Stone Soup version 0.25.1-2-g60ff931df9 (webtiles) character file.

Game seed: 3794571712320189335

95 howech the Firebug (level 4, -3/24 HPs)
             Began as a Deep Elf Fire Elementalist on Oct 22, 2020.
             Killed from afar by Natasha (6 damage)
             ... with a magic dart
             ... on level 2 of the Dungeon.
             The game lasted 00:05:47 (1562 turns).

howech the Firebug (Deep Elf Fire Elementalist)     Turns: 1562, Time: 00:05:47

Health: -3/24      AC:  2    Str:  5    XL:     4   Next: 40%
Magic:  3/11       EV: 13    Int: 21    God:
Gold:   62         SH:  0    Dex: 15    Spells: 9/10 levels left

rFire    . . .     SeeInvis .   b - +1 dagger (venom)
rCold    . . .     Gourm    .   (no shield)
rNeg     . . .     Faith    .   a - +0 robe
rPois    .         Spirit   .   (no helmet)
rElec    .         Reflect  .   (no cloak)
rCorr    .         Harm     .   (no gloves)
MR       .....                  (no boots)
Stlth    ++........             (no amulet)
HPRegen  0.08/turn              (no ring)
MPRegen  0.12/turn              (no ring)

@: no status effects
A: no striking features
a: no special abilities


You were on level 2 of the Dungeon.
You were not hungry.

You visited 1 branch of the dungeon, and saw 2 of its levels.

You collected 62 gold pieces.

Inventory:

Hand Weapons
 b - a +1 dagger of venom (weapon)
Missiles
 f - 29 bolts
 h - 2 poisoned darts (quivered)
Armour
 a - a +0 robe (worn)
Scrolls
 e - a scroll of enchant weapon {unknown}
 g - 2 scrolls of amnesia {unknown}
 k - a scroll of enchant armour {unknown}
Potions
 i - a potion of brilliance {unknown}
 j - a potion of invisibility {unknown}
 l - a potion of flight {unknown}
 m - a potion of curing {unknown}
Comestibles
 c - 2 rations
 d - 3 chunks of flesh


   Skills:
 + Level 0.9 Short Blades
 + Level 3.1 Dodging
 + Level 3.2 Stealth
 + Level 3.7 Spellcasting
 + Level 2.0 Conjurations
 * Level 4.1 Fire Magic


You had 9 spell levels left.
You knew the following spells:

 Your Spells              Type           Power        Failure   Level  Hunger
a - Foxfire               Conj/Fire      ###.         3%          1    None

Your spell library contained the following spells:

 Spells                   Type           Power        Failure   Level  Hunger
 Conjure Flame            Conj/Fire      ###.....     11%         3    ###....
 Inner Flame              Hex/Fire       ##......     16%         3    ###....
 Sticky Flame             Conj/Fire      ###.....     34%         4    ####...
 Fireball                 Conj/Fire      ###.......   67%         5    ######.


Dungeon Overview and Level Annotations

Branches:
Dungeon (2/15)

Altars:

Annotations:
D:2 Natasha


Message History

The foxfire hits the crimson imp.
The crimson imp completely resists.
The crimson imp is lightly wounded.
The foxfire hits the crimson imp.
The crimson imp completely resists.
The crimson imp is lightly wounded.
The crimson imp completely misses you.
You closely miss Natasha.
Natasha is almost dead.
The crimson imp misses you.
Natasha howls an incantation.
Natasha shimmers violently.
Natasha casts a spell at you. The magic dart hits you!
* * * LOW HITPOINT WARNING * * *
Casting: Foxfire (safe; 3% risk of failure)
Confirm with . or Enter, or press ? or * to list all spells.
You conjure some foxfire!
The crimson imp hits you.
* * * LOW HITPOINT WARNING * * *
Natasha casts a spell at you. The magic dart hits you.
You die...

... #. ..# ##......# ....#.
#.#########...##..#
#...#.#####.##........#.##...
#.....##.......######.##...
#...#....÷...# ........
##.###..#.#......# ........
........[.5..)...## ........
##.####...5h.§....## ........
##..#5@v...............
#...#..v....##.........
...#.#..................
.......#########..........
........# #.........
......... ........ .......#.
####.##. #. #. # ##


You could see an iron imp (summoned), Natasha, a crimson imp (summoned, very
poisoned) and a shadow imp (summoned).

Vanquished Creatures
  An iguana (D:2)
  2 adders (D:2)
  An ooze (D:1)
  A worm (D:2)
  4 dart slugs
  2 leopard geckos (D:1)
  A giant cockroach (D:2)
  3 goblins (D:1)
  6 hobgoblins
  3 ball pythons
  5 bats (D:1)
  A frilled lizard (D:1)
  4 kobolds
  3 rats (D:1)
37 creatures vanquished.

Vanquished Creatures (others)
  136 foxfires
136 creatures vanquished.

Grand Total: 173 creatures vanquished

Notes
Turn   | Place    | Note
-------+----------+-------------------------------------------
     0 | D:1      | howech the Deep Elf Fire Elementalist began the quest for
                  | the Orb.
     0 | D:1      | Reached XP level 1. HP: 10/10 MP: 6/6
   313 | D:1      | Reached XP level 2. HP: 15/15 MP: 4/8
   704 | D:1      | Reached XP level 3. HP: 17/19 MP: 6/9
  1306 | D:2      | Reached skill level 4 in Fire Magic
  1441 | D:2      | Reached XP level 4. HP: 24/24 MP: 5/11
  1545 | D:2      | Noticed Natasha
  1562 | D:2      | Killed from afar by Natasha

Illustrated notes

Levels and vault maps discovered:
D:1:      dpeg_arrival_shrine, layout_rooms
D:2:      layout_rooms, first_ration, uniq_natasha

Skill      XL: |  1  2  3  4 |
---------------+-------------+-----
Stealth        | 3 |  3.2
Fire Magic     | 4 |  4.1
Dodging        | 3 |  3.1
Conjurations   | 2 |  2.0
Short Blades   | |  0.9
Spellcasting   | |  3.7

Action                   |  1- 3 |  4- 6 || total
-------------------------+-------+-------++-------
Melee: Unarmed           |     2 |       ||     2
       Dagger            |    10 |     2 ||    12
 Cast: Foxfire           |    67 |    17 ||    84
 Stab: Sleeping          |     1 |       ||     1
  Eat: Chunk             |     1 |     1 ||     2
Armor: Robe              |     6 |       ||     6
Dodge: Dodged            |    10 |     2 ||    12
